 Dungeon Crawl Stone Soup version 0.23.0 (webtiles) character file.

Game seed: 2957411134810529627

255 Haldmier the Sneak (level 6, -3/32 HPs)
             Began as a Tengu Enchanter on Feb 9, 2019.
             Shot with an arrow by a centaur (14 damage)
             ... on level 4 of the Dungeon.
             The game lasted 00:14:19 (3200 turns).

Haldmier the Sneak (Tengu Enchanter)                Turns: 3200, Time: 00:14:19

Health: -3/32      AC:  3    Str:  9    XL:     6   Next: 15%
Magic:  6/11       EV: 15    Int: 17    God:
Gold:   226        SH:  4    Dex: 14    Spells: 1/10 levels left

rFire    . . .     SeeInvis .   a - +1 dagger
rCold    . . .     Gourm    .   m - +0 buckler
rNeg     . . .     Faith    .   b - +0 robe
rPois    .         Spirit   .   (helmet restricted)
rElec    .         Reflect  .   v - +0 cloak
rCorr    .         Harm     .   (no gloves)
MR       .....                  (boots unavailable)
Stlth    +++.......             (no amulet)
HPRegen  0.10/turn              (no ring)
MPRegen  0.12/turn              (no ring)

@: flying quickly and evasively, quick
A: beak, talons 3, able to fly
a: Stop Flying


You were on level 4 of the Dungeon.
You were not hungry.

You visited 1 branch of the dungeon, and saw 4 of its levels.

You collected 226 gold pieces.

Inventory:

Hand Weapons
 a - a +1 dagger (weapon)
 j - a +0 hunting sling
 y - a cursed +0 falchion
Missiles
 c - 83 stones
 q - 2 tomahawks
 t - 7 javelins (quivered)
Armour
 b - a +0 robe (worn)
 m - a +0 buckler (worn)
 v - a +0 cloak (worn)
Scrolls
 f - 3 scrolls of fog {unknown}
 g - 5 scrolls of remove curse {unknown}
 h - 3 scrolls of amnesia {unknown}
 i - 3 scrolls of identify {unknown}
 k - a scroll of teleportation {unknown}
 o - a scroll of immolation {unknown}
 A - a scroll of enchant weapon {unknown}
Potions
 e - 2 potions of lignification {unknown}
 l - 2 potions of magic {unknown}
 n - a potion of flight {unknown}
 p - 2 potions of brilliance {unknown}
 r - 2 potions of curing {unknown}
 s - a potion of might {unknown}
 u - a potion of degeneration {unknown}
 x - a potion of haste {unknown}
 z - a potion of cancellation {unknown}
Comestibles
 d - 7 rations
 w - 2 chunks of flesh


   Skills:
 + Level 2.6 Short Blades
 + Level 3.1 Dodging
 + Level 3.9 Stealth
 + Level 1.5 Shields
 + Level 2.8 Spellcasting
 + Level 2.8 Hexes
 + Level 1.7 Ice Magic


You had one spell level left.
You knew the following spells:

 Your Spells              Type           Power        Failure   Level  Hunger
a - Corona                Hex            ##.....      8%          1    #......
b - Ensorcelled Hibernat  Hex/Ice        ##....       14%         2    ##.....
c - Confuse               Hex            ##......     22%         3    ###....
d - Tukima's Dance        Hex            ##......     22%         3    ###....

Your spell library contained the following spells:

 Spells                   Type           Power        Failure   Level  Hunger
 Dazzling Spray           Conj/Hex       #.....       38%         3    ###....


Dungeon Overview and Level Annotations

Branches:
Dungeon (4/15)
 Temple: D:4-7

Altars:


Innate Abilities, Weirdness & Mutations

You have a beak for a mouth.
You have claws for feet.
You can fly continuously.


Message History

The orc shouts!
You hear a shout!
You hear an angry hiss.
The orc hits you with a +0 morningstar!
Casting: Ensorcelled Hibernation (safe; 14% risk of failure)
Confirm with . or Enter, or press ? or * to list all spells.
Aiming: Ensorcelled Hibernation (safe; 14% risk of failure)
Press: ? - help, Shift-Dir - straight line, f/p - orc
Aim: an orc, wielding a +0 morningstar (chance to defeat MR: 59%)
The orc looks drowsy...
The helpless orc fails to defend itself.
You impale the orc!!
You kill the orc!
A centaur comes into view.
You block the orc's attack.
A quokka comes into view.
The centaur wields a +0 shortbow.
The centaur shoots an arrow.
The arrow hits you!
There is a stone staircase leading up, spattered with blood here.
You see here an arrow.
The centaur shoots an arrow.
The arrow hits you!
You die...

## ... ... ##
#r# ...
#..#######..#.
#...#..(.....
#..)...#
#...#@o.## ...
##..# . ##.c..
.#.## )##.. ..
#.# .. ..


You could see a centaur, an orc and a quokka.

Vanquished Creatures
  Crazy Yiuf (D:2)
  Jessica (D:2)
  6 adders
  4 gnolls (D:2)
  A worm (D:2)
  3 dart slugs
  6 leopard geckos
  14 orcs
  4 giant cockroaches
  5 goblins
  8 hobgoblins
  2 jackals (D:2)
  3 ball pythons (D:3)
  12 bats
  3 frilled lizards
  5 kobolds
  6 rats
84 creatures vanquished.

Notes
Turn   | Place    | Note
-------+----------+-------------------------------------------
     0 | D:1      | Haldmier the Tengu Enchanter began the quest for the Orb.
     0 | D:1      | Reached XP level 1. HP: 10/10 MP: 4/4
   308 | D:1      | Reached XP level 2. HP: 9/15 MP: 3/6
   425 | D:1      | Learned a level 2 spell: Ensorcelled Hibernation
   710 | D:1      | Reached XP level 3. HP: 18/19 MP: 4/7
  1326 | D:2      | Reached skill level 1 in Ice Magic
  1326 | D:2      | Reached XP level 4. HP: 24/24 MP: 1/8
  1437 | D:2      | Learned a level 3 spell: Confuse
  1547 | D:2      | Reached skill level 1 in Shields
  1726 | D:2      | Gained mutation: You can fly continuously. [Tengu growth]
  1726 | D:2      | Reached XP level 5. HP: 28/28 MP: 6/9
  1886 | D:2      | Noticed Jessica
  1892 | D:2      | Killed Jessica
  1980 | D:2      | Learned a level 3 spell: Tukima's Dance
  2136 | D:2      | Found a runed translucent door.
  2137 | D:2      | Noticed Crazy Yiuf
  2143 | D:2      | Killed Crazy Yiuf
  2611 | D:2      | Reached XP level 6. HP: 21/32 MP: 1/11
  3200 | D:4      | Shot with an arrow by a centaur

Skill      XL: |  1  2  3  4  5 |
---------------+----------------+-----
Ice Magic      | 1 |  1.7
Shields        | 1 |  1.5
Short Blades   | 2 |  2.6
Dodging        | 3 |  3.1
Stealth        | |  3.9
Spellcasting   | |  2.8
Hexes          | |  2.8

Action                   |  1- 3 |  4- 6 || total
-------------------------+-------+-------++-------
Melee: Dagger            |    49 |   104 ||   153
       Kick              |    10 |    14 ||    24
       Peck              |     4 |    13 ||    17
Throw: Stone             |       |     1 ||     1
       Javelin           |       |     1 ||     1
 Cast: Corona            |     5 |     2 ||     7
       Ensorcelled Hiber |    11 |    43 ||    54
 Abil: Fly               |       |     1 ||     1
 Stab: Sleeping          |    13 |    30 ||    43
  Eat: Chunk             |     2 |     9 ||    11
Armor: Robe              |    11 |    14 ||    25
Dodge: Dodged            |    33 |    64 ||    97
Block: Buckler           |       |    13 ||    13
